 Dungeon Crawl Stone Soup version 0.28-a0-381-g937acc2988 (webtiles) character file.

Game seed: 13278612507005015436

54 dar the Grave Robber (level 3, -2/25 HPs)
             Began as a Vampire Necromancer on Sept 2, 2021.
             Was a Follower of Nemelex Xobeh.
             Slain by a goblin (5 damage)
             ... led by Robin
             ... on level 2 of the Dungeon.
             The game lasted 00:06:38 (1491 turns).

dar the Grave Robber (Vampire Necromancer)          Turns: 1491, Time: 00:06:39

Health: -2/25      AC:  3    Str:  8    XL:     3   Next: 66%
Magic:  5/6        EV: 12    Int: 17    God:    Nemelex Xobeh [*.....]
Gold:   37         SH:  0    Dex: 14    Spells: 6/7 levels left

rFire   + . .      SeeInvis +   b - +1 short sword (venom)
rCold   . . .      Faith    .   (no shield)
rNeg    . . .      Spirit   .   a - +0 robe
rPois   .          Reflect  .   (no helmet)
rElec   .          Harm     .   (no cloak)
rCorr   .          Rampage  .   c - +0 pair of gloves
Will    .....                   (no boots)
Stlth   ++........              (no amulet)
HPRegen 0.28/turn               d - ring of protection from fire
MPRegen 0.10/turn               (no ring)

@: healing quickly
A: alive, fangs 3, see invisible, vampiric 2
a: Exsanguinate, Renounce Religion, Draw Escape, Draw Destruction, Draw
Summoning


You were on level 2 of the Dungeon.
You worshipped Nemelex Xobeh.
Nemelex Xobeh was aware of your devotion.
You visited 1 branch of the dungeon, and saw 2 of its levels.

You collected 37 gold pieces.

Inventory:

Hand Weapons
 b - a +1 short sword of venom (weapon)
 g - a +1 dagger of electrocution
Armour
 a - a +0 robe (worn)
 c - a +0 pair of gloves (worn)
Jewellery
 d - a ring of protection from fire (left hand)
 h - an amulet of magic regeneration
Scrolls
 e - 2 scrolls of identify {unknown}
 f - a scroll of magic mapping {unknown}


   Skills:
 + Level 0.8 Fighting
 + Level 2.6 Dodging
 - Level 3.0 Stealth
 + Level 2.5 Spellcasting
 + Level 5.1 Necromancy


You had 6 spell levels left.
You knew the following spells:

 Your Spells              Type           Power      Damage    Failure   Level
a - Pain                  Necr           76%        1d7       2%          1

Your spell library contained the following spells:

 Spells                   Type           Power      Damage    Failure   Level
 Animate Skeleton         Necr           38%        N/A       2%          1
 Vampiric Draining        Necr           9%         2d7       7%          3
 Animate Dead             Necr           9%         N/A       22%         4
 Agony                    Necr           19%        N/A       52%         5


Dungeon Overview and Level Annotations

Branches:
Dungeon (2/15)

Altars:
Nemelex Xobeh


Innate Abilities, Weirdness & Mutations

Your natural rate of healing is accelerated.
You have razor-sharp teeth.
You have supernaturally acute eyesight. (SInv)
You are afflicted with vampirism and can become a bat while bloodless.


Message History

Robin is moderately wounded.
Robin closely misses you.
You hit Robin but do no damage.
Robin is moderately wounded.
Robin throws the goblin at you! The goblin hits you but does no damage.
You hit Robin. You bite Robin, but do no damage.
Robin is moderately wounded.
Robin hits you with a +0 spear. The goblin hits you with a +0 club.
You hit Robin.
Robin is poisoned.
Robin is heavily wounded.
Robin closely misses you. The goblin hits you but does no damage.
The hobgoblin hits you but does no damage.
You hit Robin but do no damage.
Robin looks as sick as possible!
You bite Robin.
Robin is severely wounded.
The goblin barely misses you. The hobgoblin hits you.
Robin throws the goblin at you! The goblin hits you with a +0 club.
Robin barely misses you.
You see here a hobgoblin corpse.
You are too injured to fight recklessly!
You kill Robin!
The goblin hits you with a +0 club.
* * * LOW HITPOINT WARNING * * *
You are too injured to fight recklessly!
Okay, then.
You draw a card...
You have drawn Vitriol.
Press: ? - help, Shift-Dir - straight line, f - hobgoblin
Aim: a hobgoblin (strong)
The glob of acid misses the hobgoblin.
The goblin hits you but does no damage. The goblin hits you with a +0 club.
* * * LOW HITPOINT WARNING * * *
The hobgoblin hits you.
* * * LOW HITPOINT WARNING * * *
You draw a card...
You have drawn the Elixir.
You begin rapidly regenerating health and magic.
The deck of cards disappears without a trace.
The goblin hits you with a +0 dagger.
You die...
Your body glows slightly and disappears.

##.).#...... #.#.#
...........# #.#.#
##.#.#.....# #.#.#
.........!.# #.#.#
#........†.# #.#.####
#....)..# #....<.#
#####.#..))#######.#.##.#
..........†gg.........#.#
####......g@......#.##.#
♣.#....########..####.#
♣.....###.............
♣..♣.....#.......######
♣...♣♣♣..#.####....#
♣..♣..♣..♣..# #....# ...
♣♣...♣♣♣.# #....# .♣
.♣..♣..♣..# #....#
...♣♣♣....# #....#


You could see a hobgoblin (strong) and 2 goblins.

Vanquished Creatures
  Robin (D:2)
  A gnoll (D:1)
  3 bats (D:1)
  2 endoplasms (D:1)
  A giant cockroach (D:1)
  8 goblins
  4 hobgoblins
  A quokka (D:1)
  4 ball pythons
  3 frilled lizards (D:1)
  2 kobolds (D:1)
  2 rats
32 creatures vanquished.

Vanquished Creatures (others)
  A plant (D:1)
1 creature vanquished.

Grand Total: 33 creatures vanquished

Notes
Turn   | Place    | Note
-------+----------+-------------------------------------------
     0 | D:1      | dar the Vampire Necromancer began the quest for the Orb.
     0 | D:1      | Reached XP level 1. HP: 13/13 MP: 3/3
    58 | D:1      | Reached XP level 2. HP: 18/19 MP: 0/5
   243 | D:1      | Reached skill level 5 in Necromancy
   705 | D:1      | Gained mutation: You are afflicted with vampirism and can
                  | become a bat while bloodless. [Vampire growth]
   705 | D:1      | Reached XP level 3. HP: 22/24 MP: 3/6
   774 | D:1      | Found a faded altar of an unknown god.
   848 | D:1      | Became a worshipper of Nemelex Xobeh the Trickster
   848 | D:1      | Reached * piety under Nemelex Xobeh
   848 | D:1      | Received a gift from Nemelex Xobeh
  1477 | D:2      | Noticed Robin
  1488 | D:2      | Killed Robin
  1490 | D:2      | HP: 1/25 [hobgoblin[Robin] (3)]
  1491 | D:2      | Slain by a goblin

Illustrated notes

Levels and vault maps discovered:
D:1:      dpeg_arrival_court, layout_basic, shapermc_ecumenical_altar_ellora
D:2:      layout_basic, kennysheep_doodads, uniq_robin

Skill      XL: |  1  2 |
---------------+-------+-----
Necromancy     | 5 |  5.1
Fighting       | |  0.8
Dodging        | |  2.6
Stealth        | |  3.0
Spellcasting   | |  2.5

Action                   || total
-------------------------++-------
Melee: Bite              ||     4
       Unarmed           ||     1
       Flail             ||     8
       Short sword       ||    16
       Dagger            ||     9
 Cast: Pain              ||    46
Invok: Draw Escape       ||     1
       Draw Destruction  ||     1
Armor: Robe              ||     9
Dodge: Dodged            ||    33

Table legend: (Time is in decaauts)
 A = Elapsed time spent in this place.
 B = Non-inter-level travel time spent in this place.
 C = Inter-level travel time spent in this place.
 D = Time resting spent in this place.
 E = Time spent auto-exploring this place.
 F = Levels seen in this place.
 G = Mean time per level.
                   A        B        C        D        E       F      G
               +--------+--------+--------+--------+--------+-----+--------+
         Total |   1493 |   1490 |      3 |     48 |   1130 |   2 |  746.5 |
       Dungeon |   1493 |   1490 |      3 |     48 |   1130 |   2 |  746.5 |
               +--------+--------+--------+--------+--------+-----+--------+

Top non-repeatable levels by time:
     D:1: 1359 daAuts
     D:2: 134 daAuts
